 Dungeon Sprint DCSS version 0.17-a0-1711-gc5340a3 (webtiles) character file.

606 patman the Basher (level 7, 0/37 HPs)
             Began as a Vine Stalker Gladiator on Aug 22, 2015.
             Was an Initiate of Trog.
             Slain by Sonja
             ... wielding a +0 short sword of venom
              (6 damage)
             ... in the Dungeon (Sprint I: "Red Sonja").
             The game lasted 00:02:01 (170 turns).

patman the Basher (Vine Stalker Gladiator)           Turns: 170, Time: 00:02:01

Health: 0/37       AC:  4    Str: 18    XL:     7   Next: 42%
Magic:  0/2        EV: 14    Int:  8    God:    Trog [......]
Gold:   102        SH:  0    Dex: 20    Spells: 0 memorised, 6 levels left

rFire  . . .     SeeInvis .     l - +0 war axe "Duoju" {antimagic, rPois Dex+4} (curse)
rCold  . . .     Clarity  .     b - +0 leather armour
rNeg   . . .     SustAt   .     (no shield)
rPois  +         Gourm    .     c - +0 helmet
rElec  .         Spirit   +     (no cloak)
rCorr  .         Warding  .     (no gloves)
rMut   .         NoTele   +     (no boots)
MR     .....                    (no amulet)
Stlth  ++........               (no ring)
                                (no ring)

@: lethally poisoned (0 -> -3), slowed, very slow, not resistant to hostile
enchantments, unstealthy
A: fangs 2, regeneration 2, magic shield, antimagic bite, no device heal 3, rot
immunity
a: Burn Spellbooks, Renounce Religion


You were in the Dungeon.
You worshipped Trog.
Trog was noncommittal.
You were not hungry.

You visited 1 branch You collected 297 gold pieces.
You spent 195 gold pieces at shops.

Inventory:

Hand weapons
 a - a +0 flail
 l - the cursed +0 war axe "Duoju" (weapon) {antimagic, rPois Dex+4}
   (You bought it in a shop in the Dungeon)

   It disrupts the flow of magical energy around spellcasters and certain
   magical creatures (including the wielder).
   It affects your dexterity (+4).
   It protects you from poison.
   It has a curse placed upon it.
Missiles
 d - 2 throwing nets (quivered)
Armour
 b - a +0 leather armour (worn)
 c - a +0 helmet (worn)
Scrolls
 k - a scroll of blinking
Potions
 f - a potion of curing
 g - a potion of heal wounds
 h - a potion of haste
 i - 2 potions of magic
Comestibles
 e - a bread ration
 j - 4 chunks of flesh


   Skills:
 * Level 3.8 Fighting
 - Level 13.2 Maces & Flails
 - Level 1.7 Throwing
 * Level 3.9 Dodging


You had 6 spell levels left.
You didn't know any spells.

Dungeon Overview and Level Annotations

Branches:
Dungeon (1/1)

Altars:
Cheibriados
Dithmenos
Elyvilon
Fedhas
Gozag
Kikubaaqudgha
Makhleb
Nemelex Xobeh
Okawaru
Qazlal
Ru
Sif Muna
Trog
Vehumet
Xom
Yredelemnul
Zin
The Shining One
Jiyva

Shops:
D (

Annotations:
D Sonja


Innate Abilities, Weirdness & Mutations

You have extremely sharp teeth.
You heal very quickly.
When hurt, damage is shared between your health and your magic reserves.
Your bite disrupts and absorbs the magic of your enemies.
Potions and wands cannot restore your health.
You are immune to rotting.


Message History

Sonja hits you with an uncursed short sword of venom.
You are more poisoned.
Sonja hits you with an uncursed short sword of venom.
* * * LOW HITPOINT WARNING * * *
Sonja hits you but does no damage. x2
Sonja misses you. x3
You slash Sonja!
Sonja's magic leaks into the air.
Your bite misses Sonja.
Sonja is moderately wounded.
You feel sick. Sonja hits you but does no damage. Sonja misses you.
Sonja hits you but does no damage. Sonja closely misses you.
Sonja hits you but does no damage. Sonja barely misses you.
Unknown command.
You completely miss Sonja.
Sonja is moderately wounded.
You feel sick. Sonja closely misses you.
Sonja hits you with an uncursed short sword of venom.
* * * LOW HITPOINT WARNING * * *
Sonja hits you but does no damage. Sonja misses you.
Sonja hits you with an uncursed short sword of venom.
You die...

#..#####'#####'#__#
#..####..#...#[####
#..#__####..##[#
#..#_..__##'#..+
#⌠⌠#_.∩...'.(._#
####_..._##_.#+#
#_____###(#
#########(##


+$@$+ #$K$# ##.## #+# You could see Sonja.

Vanquished Creatures
  A slime creature (D)
  Sigmund (D)
  A yak (D)
  An ogre (D)
  Ijyb (D)
  A jelly (D)
6 creatures vanquished.

Notes
Turn   | Place    | Note
--------------------------------------------------------------
     0 | D        | patman the Vine Stalker Gladiator began the quest for the Orb.
     0 | D        | Reached XP level 1. HP: 11/11 MP: 2/2
     2 | D        | Noticed Ijyb
     9 | D        | Killed Ijyb
     9 | D        | Reached skill level 6 in Maces & Flails
     9 | D        | Reached XP level 2. HP: 15/15 MP: 3/3
     9 | D        | Reached XP level 3. HP: 18/18 MP: 4/4
    15 | D        | Noticed an ogre
    20 | D        | Killed an ogre
    20 | D        | Reached skill level 8 in Maces & Flails
    20 | D        | Reached XP level 4. HP: 23/23 MP: 5/5
    34 | D        | Noticed Sigmund
    43 | D        | Killed Sigmund
    43 | D        | Reached skill level 11 in Maces & Flails
    43 | D        | Reached XP level 5. HP: 17/26 MP: 6/6
    43 | D        | Gained mutation: You heal very quickly. [Vine Stalker growth]
    43 | D        | Reached XP level 6. HP: 19/30 MP: 7/7
    81 | D        | Found a deep blue altar of Sif Muna.
    82 | D        | Noticed a jelly
    83 | D        | Found a radiant altar of Vehumet.
    88 | D        | Killed a jelly
    96 | D        | Found a snail-covered altar of Cheibriados.
    96 | D        | Found a viscous altar of Jiyva.
    96 | D        | Found a shadowy altar of Dithmenos.
    96 | D        | Found a blossoming altar of Fedhas.
    96 | D        | Noticed a slime creature
   106 | D        | Killed a slime creature
   106 | D        | Reached skill level 13 in Maces & Flails
   106 | D        | Reached XP level 7. HP: 29/34 MP: 8/8
   132 | D        | Found Uwaror's Antique Weapon Emporium.
   132 | D        | Found a white marble altar of Elyvilon.
   132 | D        | Found a stormy altar of Qazlal.
   132 | D        | Found a burning altar of Makhleb.
   132 | D        | Found a sacrificial altar of Ru.
   132 | D        | Found a basalt altar of Yredelemnul.
   132 | D        | Found a glowing golden altar of the Shining One.
   132 | D        | Found a sparkling altar of Nemelex Xobeh.
   132 | D        | Found a shimmering altar of Xom.
   132 | D        | Found an opulent altar of Gozag.
   132 | D        | Found an ancient bone altar of Kikubaaqudgha.
   132 | D        | Found a glowing silver altar of Zin.
   132 | D        | Noticed a yak
   133 | D        | Found an iron altar of Okawaru.
   140 | D        | Killed a yak
   141 | D        | Found a bloodstained altar of Trog.
   151 | D        | Became a worshipper of Trog the Wrathful
   156 | D        | Bought a fine war axe for 195 gold pieces
   156 | D        | Identified the cursed +0 war axe "Duoju" {antimagic, rPois Dex+4} (You bought it in a shop in the Dungeon)
   164 | D        | Noticed Sonja
   170 | D        | Slain by Sonja

Vault maps used:
D:        dungeon_sprint_1

Action                   |  1- 3 |  4- 6 |  7- 9 || total
-------------------------+-------+-------+-------++-------
Melee: Flail             |     6 |    17 |     7 ||    30
       War axe           |       |       |     3 ||     3
Throw: Throwing net      |     4 |       |       ||     4
  Use: Potion            |       |     1 |       ||     1
 Stab: Held in net/web   |     1 |       |       ||     1
       Sleeping          |       |     1 |     1 ||     2
